 Dungeon Crawl Stone Soup version 0.21-a0-216-g6d3fd91 (webtiles) character file.

67789 nikopol the Severer (level 14, -4/199 HPs)
             Began as a Minotaur Berserker on Aug 21, 2017.
             Was a High Priest of Trog.
             Slain by a very large slime creature (53 damage)
             ... on level 13 of the Dungeon on Aug 23, 2017.
             The game lasted 01:16:48 (22009 turns).

nikopol the Severer (Minotaur Berserker)           Turns: 22009, Time: 01:16:49

Health: -4/199     AC: 23    Str: 27    XL:     14   Next: 84%
Magic:  13/13      EV: 14    Int:  4    God:    Trog [*****.]
Gold:   455        SH:  0    Dex: 17    Spells: 13/13 levels left

rFire    + . .     SeeInvis .   a - +4 battleaxe (chop)
rCold    + + .     Gourm    +   (shield currently unavailable)
rNeg     . . .     Faith    .   e - +6 scale mail "Qoaklugh" {MR+ rCorr}
rPois    +         Spirit   .   (helmet restricted)
rElec    .         Reflect  .   L - +2 cloak
rCorr    +         Harm     .   G - +0 pair of gloves
MR       ++...                  Q - +1 pair of boots
Stlth    ..........             t - amulet "Qyeptiut" {Gourm rPois rC++}
HPRegen  0.43/turn              b - +2 ring of dexterity
MPRegen  0.13/turn              P - ring of protection from fire

@: berserking, very quick
A: retaliatory headbutt, horns 2
a: Berserk, Trog's Hand, Brothers in Arms, Burn Spellbooks, Renounce Religion


You were on level 13 of the Dungeon.
You worshipped Trog.
Trog was extremely pleased with you.
You were very full.

You visited 2 branches of the dungeon, and saw 19 of its levels.

You collected 1221 gold pieces.
You spent 766 gold pieces at shops.

Inventory:

Hand Weapons
 a - a +4 battleaxe of chopping (weapon)
 z - a +0 shortbow
Missiles
 s - 54 arrows (quivered)
Armour
 e - the +6 scale mail "Qoaklugh" (worn) {MR+ rCorr}
   (You bought it in a shop on level 8 of the Dungeon)

   It affects your resistance to hostile enchantments.
   It protects you from acid and corrosion.
 G - a +0 pair of gloves (worn)
 I - a cursed -1 plate armour
 L - a +2 cloak (worn)
 Q - a +1 pair of boots (worn)
Jewellery
 b - a +2 ring of dexterity (left hand)
 t - the amulet "Qyeptiut" (around neck) {Gourm rPois rC++}
   (You found it on level 3 of the Lair of Beasts)

   [amulet of the gourmand]

   It allows you to eat raw meat even when not hungry.
   It greatly protects you from cold.
   It protects you from poison.
 P - a ring of protection from fire (right hand)
Wands
 D - a wand of disintegration (4/24)
 R - a wand of polymorph (8/24)
 Z - a wand of digging (9/24)
Scrolls
 d - 4 scrolls of blinking
 f - a scroll of recharging {unknown}
 h - 6 scrolls of remove curse
 i - 13 scrolls of teleportation
 j - 5 scrolls of magic mapping {unknown}
 v - a scroll of vulnerability {unknown}
 w - 2 scrolls of fear {unknown}
 y - 2 scrolls of torment {unknown}
 A - 3 scrolls of enchant weapon {unknown}
 B - a scroll of amnesia {unknown}
 C - 5 scrolls of enchant armour {unknown}
 J - a scroll of immolation {unknown}
 O - a scroll of identify
 T - 3 scrolls of noise {unknown}
 W - 3 scrolls of fog {unknown}
Potions
 g - 2 potions of cancellation
 k - 9 potions of brilliance
 l - a potion of heal wounds
 m - a potion of ambrosia {unknown}
 n - 5 potions of mutation
 o - 12 potions of curing
 q - 3 potions of haste
 u - 4 potions of agility
 x - 2 potions of resistance
 E - 2 potions of might {unknown}
 H - a potion of flight {unknown}
 K - a potion of magic {unknown}
 M - a potion of berserk rage {unknown}
Books
 N - a book of Clouds

   Spells                             Type                      Level
   a - Poisonous Vapours              Poison/Air                   2
   b - Mephitic Cloud                 Conjuration/Poison/Air       3
   c - Conjure Flame                  Conjuration/Fire             3
   d - Freezing Cloud                 Conjuration/Ice/Air          6
   e - Ring of Flames                 Charms/Fire                  7
   Trog disapproves of the use of such an item.
Comestibles
 c - 12 bread rations
 p - 17 royal jellies
 r - 12 meat rations
 F - 15 fruits


   Skills:
 + Level 14.5 Fighting
 + Level 17.3 Axes
 + Level 14.1 Bows
 + Level 13.2 Armour
 + Level 5.7 Dodging
 + Level 2.0 Stealth
 + Level 1.0 Evocations


You had 13 spell levels left.
You didn't know any spells.

Dungeon Overview and Level Annotations

Branches:
Dungeon (13/15)            Temple (0/1) D:6            Lair (6/6) D:10
  Swamp (0/4) Lair:2        Snake (0/4) Lair:3        Slime (0/5) Lair:5
    Orc (0/2) D:12
 Vaults: D:13-14

Altars:
Ashenzari
Cheibriados
Dithmenos
Elyvilon
Fedhas
Makhleb
Nemelex Xobeh
Okawaru
Ru
Sif Muna
Uskayaw
Xom
Yredelemnul
The Shining One
Jiyva

Shops:
D:7 :   D:8 [*!?   D:9 ?   D:12 (


Innate Abilities, Weirdness & Mutations

You reflexively headbutt those who attack you in melee.
You have a pair of horns on your head.


Message History

You are too injured to fight recklessly!
You are too injured to fight recklessly!
A red film seems to cover your vision as you go berserk!
You feel yourself moving faster!
You feel mighty!
You feel a lot less full.
The very large slime creature closely misses you.
You furiously retaliate!
You headbutt the very large slime creature.
You slash the very large slime creature!
The very large slime creature is heavily wounded.
You slash the very large slime creature!
You headbutt the very large slime creature!
The very large slime creature is severely wounded.
The very large slime creature hits you!!!
* * * LOW HITPOINT WARNING * * *
You slice the very large slime creature!!
The very large slime creature is almost dead.
You slash the very large slime creature!
The very large slime creature is almost dead.
The very large slime creature hits you!!!
You die...

###.##.# #.#
#.##.# #.#
#.##.######.#
#.##........#
#.##.#####..#
#.##.#
#.#####
#.##.#
#....(#
#.##.#
#.###(# #.#
#.# #@# #..
..# #J# ##
#### #.# ...
#.# #.# #..
###


You could see a very large slime creature.

Vanquished Creatures
  2 entropy weavers (Lair:6)
  A fire dragon (Lair:6)
  11 hydras
  A centaur warrior (D:13)
  5 two-headed ogres
  A queen ant (Lair:5)
  3 death yaks
  4 skeletal warriors (D:9)
  A swamp dragon (Lair:4)
  A lindwurm (Lair:6)
  An oklob plant (D:12)
  An ugly thing (D:11)
  A cyclops (D:11)
  A manticore (D:11)
  11 elephants
  Maurice (D:10)
  3 black mambas (Lair:6)
  A molten gargoyle (Lair:6)
  9 spiny frogs
  13 komodo dragons
  The ghost of p0werm0de the Zephyrmancer, a novice DsAE of Wu Jian (D:5)
  A kobold demonologist (D:13)
  A troll (D:10)
  3 hornets (D:8)
  20 blink frogs
  8 hippogriffs
  2 slime creatures
  11 dream sheep
  4 wyverns
  A wraith (D:12)
  65 yaks
  7 basilisks
  A vampire mosquito (Lair:4)
  3 fire bats (Lair:1)
  3 steam dragons
  5 swamp worms (Lair:4)
  18 soldier ants
  3 nagas (Lair:3)
  12 water moccasins
  An acid dragon (D:12)
  3 hell hounds (Lair:6)
  8 porcupines
  Duvessa (D:6)
  2 black bears
  3 sky beasts
  An ice beast (D:12)
  4 orc warriors
  5 phantoms
  12 wolves
  3 necrophages
  6 ogres
  4 centaurs
  A big kobold (D:7)
  17 crocodiles
  10 bullfrogs
  A wyvern zombie (D:6)
  Dowan (D:6)
  6 scorpions
  13 killer bees
  3 wights (D:9)
  3 howler monkeys
  2 jellies
  5 electric eels
  5 lava snakes (Lair:6)
  A crimson imp (D:5)
  A bullfrog zombie (D:10)
  An iron imp (D:8)
  7 orc priests
  8 hounds
  10 orc wizards
  3 iguanas
  33 worker ants
  A hound zombie (D:9)
  8 gnolls
  13 adders
  2 oozes
  An adder zombie (D:9)
  An adder skeleton (D:3)
  3 worms
  3 dart slugs
  4 leopard geckos
  23 orcs
  7 bats
  17 giant cockroaches
  10 goblins
  7 hobgoblins
  15 jackals
  6 kobolds
  4 quokkas
  4 ball pythons
  4 frilled lizards
  A jackal zombie (D:5)
  A quokka skeleton (D:5)
  4 rats
  A fire vortex (Lair:1)
  10 fungi
  A plant (Lair:4)
576 creatures vanquished.

Vanquished Creatures (collateral kills)
  A molten gargoyle (Lair:6)
  A yak (Lair:6)
2 creatures vanquished.

Vanquished Creatures (others)
  3 orcs (D:5)
  17 fungi
  19 plants
39 creatures vanquished.

Grand Total: 617 creatures vanquished

Notes
Turn   | Place    | Note
-------+----------+-------------------------------------------
     0 | D:1      | nikopol the Minotaur Berserker began the quest for the Orb.
     0 | D:1      | Reached XP level 1. HP: 19/19 MP: 0/0
    45 | D:1      | Reached XP level 2. HP: 25/27 MP: 1/1
    71 | D:1      | Reached skill level 4 in Axes
    97 | D:1      | Found an iron altar of Okawaru.
   287 | D:1      | Reached ** piety under Trog
   404 | D:1      | Reached XP level 3. HP: 33/33 MP: 2/2
   581 | D:2      | Reached XP level 4. HP: 40/41 MP: 3/3
   729 | D:2      | Found a sparkling altar of Nemelex Xobeh.
   809 | D:2      | Reached skill level 5 in Axes
  1576 | D:3      | Reached *** piety under Trog
  1584 | D:3      | Reached XP level 5. HP: 47/47 MP: 4/4
  1901 | D:4      | Found a basalt altar of Yredelemnul.
  1929 | D:4      | Noticed an ogre
  1930 | D:4      | Noticed an ogre
  1934 | D:4      | Killed an ogre
  1934 | D:4      | Reached skill level 5 in Fighting
  1935 | D:4      | Reached XP level 6. HP: 56/56 MP: 5/5
  1938 | D:4      | Reached skill level 6 in Axes
  2003 | D:4      | Found a deep blue altar of Sif Muna.
  2153 | D:4      | Got a brightly glowing chain mail
  2164 | D:4      | Identified the cursed +0 chain mail of the Crushed Queens {+Inv Str+2} (You found it on level 4 of the Dungeon)
  2164 | D:4      | Upgraded the game from 0.21-a0-210-gbfa5647 to 0.21-a0-215-g0631661
  2417 | D:5      | Entered Level 5 of the Dungeon
  2442 | D:5      | Found a blossoming altar of Fedhas.
  2459 | D:5      | Reached XP level 7. HP: 61/61 MP: 6/6
  2485 | D:5      | Noticed p0werm0de's ghost (novice DsAE)
  2496 | D:5      | Killed p0werm0de's ghost
  2496 | D:5      | Reached skill level 7 in Axes
  2548 | D:5      | Reached skill level 8 in Axes
  2548 | D:5      | Reached skill level 5 in Armour
  2717 | D:5      | Found a hide-covered altar of Uskayaw.
  3029 | D:6      | Reached XP level 8. HP: 70/70 MP: 7/7
  3111 | D:6      | Noticed Duvessa
  3112 | D:6      | Noticed Dowan
  3113 | D:6      | Found a staircase to the Ecumenical Temple.
  3122 | D:6      | Killed Duvessa
  3122 | D:6      | Reached skill level 9 in Axes
  3122 | D:6      | Killed Dowan
  3541 | D:6      | Reached skill level 1 in Bows
  4047 | D:7      | Reached skill level 10 in Axes
  4047 | D:7      | Reached skill level 1 in Stealth
  4235 | D:7      | Found Remif's Book Boutique.
  4841 | D:8      | Noticed a two-headed ogre
  4849 | D:8      | Killed a two-headed ogre
  4849 | D:8      | Reached XP level 9. HP: 76/79 MP: 8/8
  5210 | D:8      | Noticed a two-headed ogre
  5218 | D:8      | Reached **** piety under Trog
  5222 | D:8      | Killed a two-headed ogre
  5222 | D:8      | Reached skill level 11 in Axes
  5222 | D:8      | Reached skill level 5 in Bows
  5354 | D:8      | Found Azaghoudu's Antique Armour Boutique.
  5366 | D:8      | Found Luvvul's Assorted Antiques.
  5451 | D:8      | Found a snail-covered altar of Cheibriados.
  5543 | D:8      | Found Xogiczon's Distillery.
  5700 | D:8      | Found a white marble altar of Elyvilon.
  5753 | D:8      | Found Wociullu's Magic Scroll Boutique.
  5900 | D:8      | Reached XP level 10. HP: 83/89 MP: 6/9
  6492 | D:9      | Noticed a two-headed ogre
  6501 | D:9      | Killed a two-headed ogre
  6501 | D:9      | Reached skill level 12 in Axes
  6840 | D:9      | Found Gillamo's Magic Scroll Boutique.
  6864 | D:9      | Noticed a skeletal warrior
  6864 | D:9      | Noticed a skeletal warrior
  6875 | D:9      | Noticed a skeletal warrior
  6876 | D:9      | Noticed a skeletal warrior
  6876 | D:9      | Killed a skeletal warrior
  6876 | D:9      | Received a gift from Trog
  6886 | D:9      | Killed a skeletal warrior
  7063 | D:8      | Noticed a two-headed ogre
  7077 | D:8      | Killed a two-headed ogre
  7186 | D:8      | Bought a bloodstained chain mail for 313 gold pieces
  7196 | D:8      | Identified the cursed +1 chain mail "Unuri" {rC- Dex+9} (You bought it in a shop on level 8 of the Dungeon)
  7237 | D:9      | Killed a skeletal warrior
  7237 | D:9      | Reached XP level 11. HP: 99/99 MP: 10/10
  7243 | D:9      | Killed a skeletal warrior
  7641 | D:9      | Found a shadowy altar of Dithmenos.
  7646 | D:9      | Found an iron altar of Okawaru.
  7656 | D:9      | Found a glowing golden altar of the Shining One.
  7661 | D:9      | Found a sacrificial altar of Ru.
  7668 | D:9      | Found a shattered altar of Ashenzari.
  7673 | D:9      | Found a shimmering altar of Xom.
  7684 | D:9      | Found a burning altar of Makhleb.
  7884 | D:10     | Entered Level 10 of the Dungeon
  8031 | D:10     | Reached skill level 10 in Fighting
  8036 | D:10     | Reached ***** piety under Trog
  8144 | D:10     | Found a staircase to the Lair.
  8169 | D:10     | Noticed Maurice
  8180 | D:10     | Killed Maurice
  8616 | Lair:1   | Entered Level 1 of the Lair of Beasts
  8713 | Lair:1   | Received a gift from Trog
  8801 | Lair:1   | Reached skill level 10 in Bows
  8936 | Lair:1   | Reached skill level 13 in Axes
  9129 | Lair:1   | Noticed an eight-headed hydra
  9142 | Lair:2   | Noticed a four-headed hydra
  9160 | Lair:2   | Killed a seven-headed hydra
  9160 | Lair:2   | Reached skill level 10 in Armour
  9646 | Lair:2   | Reached XP level 12. HP: 97/108 MP: 11/11
  9809 | Lair:2   | Found a staircase to the Swamp.
 10362 | Lair:1   | Killed a nine-headed hydra
 10642 | Lair:1   | Noticed a five-headed hydra
 10657 | Lair:1   | Killed a nine-headed hydra
 10829 | Lair:3   | Received a gift from Trog
 11181 | Lair:3   | Found a staircase to the Snake Pit.
 11308 | Lair:3   | Got a transparent iron amulet
 11309 | Lair:3   | Identified the amulet "Qyeptiut" {Gourm rPois rC++} (You found it on level 3 of the Lair of Beasts)
 11314 | Lair:3   | Upgraded the game from 0.21-a0-215-g0631661 to 0.21-a0-216-g6d3fd91
 12388 | Lair:4   | Reached skill level 14 in Axes
 12770 | Lair:4   | Received a gift from Trog
 12795 | Lair:4   | Noticed a six-headed hydra
 12808 | Lair:4   | Killed a nine-headed hydra
 13051 | Lair:4   | Noticed a four-headed hydra
 13064 | Lair:4   | Killed a seven-headed hydra
 13567 | Lair:4   | Reached XP level 13. HP: 118/118 MP: 12/12
 14184 | Lair:5   | Found a staircase to the Slime Pits.
 14185 | Lair:5   | Found a viscous altar of Jiyva.
 14914 | Lair:6   | Entered Level 6 of the Lair of Beasts
 15765 | Lair:5   | Reached skill level 5 in Dodging
 15938 | Lair:6   | Reached skill level 15 in Axes
 16180 | Lair:6   | Noticed an entropy weaver
 16208 | Lair:6   | Killed an entropy weaver
 16208 | Lair:6   | Received a gift from Trog
 16981 | Lair:6   | Reached skill level 16 in Axes
 16987 | Lair:6   | Reached XP level 14. HP: 71/129 MP: 13/13
 17728 | Lair:6   | Received a gift from Trog
 17936 | Lair:6   | Noticed an entropy weaver
 17951 | Lair:6   | Killed an entropy weaver
 19417 | Lair:6   | Reached skill level 17 in Axes
 19458 | Lair:6   | Found a large runed door.
 19459 | Lair:6   | Found a large runed door.
 20394 | D:8      | Bought a faintly glowing scale mail for 297 gold pieces
 20413 | D:8      | Bought a scroll of identify for 24 gold pieces
 20413 | D:8      | Bought a scroll of teleportation for 36 gold pieces
 20413 | D:8      | Bought a scroll of teleportation for 36 gold pieces
 20413 | D:8      | Bought a scroll of identify for 24 gold pieces
 20413 | D:8      | Bought a scroll of teleportation for 36 gold pieces
 20413 | D:8      | Identified the +6 scale mail "Qoaklugh" {MR+ rCorr} (You bought it in a shop on level 8 of the Dungeon)
 20676 | D:11     | Received a gift from Trog
 21185 | D:12     | Reached skill level 1 in Evocations
 21226 | D:12     | Found a staircase to the Orcish Mines.
 21238 | D:12     | Found Saol's Weapon Shoppe.
 21560 | D:12     | Found a blossoming altar of Fedhas.
 22009 | D:13     | Slain by a very large slime creature

Vault maps used:
D:1:      kennysheep_arrival_forest, okawaru_ov_weapons_minmay
D:2:      nicolae_overflow_crystal_walls
D:3:      minmay_roachtagon, kennysheep_potato
D:4:      led_sif_book, yredelemnul_altar_generic, first_bread
D:5:      overflow_temple_1_default, basic_altar, lemuel_old_faithful
D:6:      temple_statues, kennysheep_opposing_triangles, uniq_duvessa
D:7:      serial_shops, nicolae_shop_behind_doors
D:8:      slow_altar_1, kennysheep_mini, serial_shops, shop, shop, shop,
          nicolae_shop_stone, hangedman_pestilent_swarm
D:9:      grunt_temple_overflow_octagram, serial_shops, kennysheep_mini_moat,
          palyth_stone_intersect, due_unseen_surprise
D:10:     erik_lair_island, uniq_maurice
D:12:     orc_david_3, basic_altar, evilmike_surprise_oklob
D:13:     serial_shops, shop, roderic_roman_lattice, david_defended_altar_orc
Lair:1:   st_stairs_5
Lair:2:   swamp_mist, serial_bayou_shore_b, infiniplex_staircase_pool
Lair:3:   minmay_snake_entry_guardpost_small
Lair:4:   onia_ninara_swampy_vault
Lair:5:   slime_altar_1, grunt_megastairs_4, infiniplex_staircase_pool_2
Lair:6:   cheibrodos_lair_end_hotspot, zaba_anthell, lemuel_fruit_tree

Skill      XL: |  1  2  3  4  5  6  7  8  9 10 11 12 13 14 |
---------------+-------------------------------------------+-----
Axes           | 4 5 6 8 10 11 12 13 14 16 17 | 17.3
Fighting       | 4 5 6 7 8 9 10 12 13 14 | 14.5
Dodging        | 3 4 5 |  5.7
Armour         | 3 4 5 7 8 9 10 11 12 13 | 13.2
Bows           | 4 5 8 10 12 13 14 | 14.1
Stealth        | 1 2 |  2.0
Evocations     | 1 |  1.0

Action                   |  1- 3 |  4- 6 |  7- 9 | 10-12 | 13-15 || total
-------------------------+-------+-------+-------+-------+-------++-------
Melee: Hand axe          |    64 |    28 |       |       |       ||    92
       Headbutt          |    10 |    21 |    39 |    90 |   134 ||   294
       War axe           |       |    73 |   146 |    99 |       ||   318
       Battleaxe         |       |       |       |   198 |   408 ||   606
 Fire: Shortbow          |       |       |    78 |   512 |   533 ||  1123
Invok: Berserk           |       |     1 |     3 |     7 |     7 ||    18
       Trog's Hand       |       |       |       |     1 |       ||     1
       Burn Spellbooks   |       |       |       |     4 |     2 ||     6
       Brothers in Arms  |       |       |       |       |     1 ||     1
 Abil: Evoke Invisibilit |       |       |       |     1 |       ||     1
Evoke: Wand              |       |       |       |     1 |     2 ||     3
  Use: Scroll            |       |       |     8 |     2 |    12 ||    22
       Potion            |       |       |       |     1 |     5 ||     6
  Eat: Chunk             |       |     5 |    13 |    42 |    33 ||    93
       Fruit             |       |       |       |     2 |       ||     2
Armor: Ring mail         |    17 |    33 |       |       |       ||    50
       Animal skin       |     5 |       |       |       |       ||     5
       Chain mail        |       |     2 |    72 |   203 |   215 ||   492
       Scale mail        |       |       |       |       |    32 ||    32
Dodge: Dodged            |    47 |    62 |    89 |   189 |   308 ||   695

Table legend:
 A = Spawn XP
 B = Non-spawn XP
 C = Spawn XP percentage of total XP
 D = Spawn monster count
 E = Non-spawn monster count
 F = Spawn count percentage of total count
 G = Total turns spent on level
                    A         B        C        D         E        F      G
               +---------+---------+-------+---------+---------+-------+---------
         Total |   17190 |   79652 |  17.8 |      86 |     480 |  15.2 | 22009
               +---------+---------+-------+---------+---------+-------+---------
           D:1 |       4 |      39 |   9.3 |       1 |      21 |   4.5 |   473
           D:2 |       3 |     115 |   2.5 |       2 |      30 |   6.2 |   749
           D:3 |      19 |      53 |  26.4 |       4 |      17 |  19.0 |   674
           D:4 |       2 |     384 |   0.5 |       1 |      11 |   8.3 |   521
           D:5 |      98 |     661 |  12.9 |       3 |      10 |  23.1 |   508
           D:6 |      45 |     891 |   4.8 |       3 |      13 |  18.8 |   992
           D:7 |       0 |     473 |   0.0 |       0 |      11 |   0.0 |  1190
           D:8 |    2131 |    2480 |  46.2 |      11 |      25 |  30.6 |  1584
           D:9 |     199 |    5402 |   3.6 |       3 |      36 |   7.7 |  1332
          D:10 |     290 |    2179 |  11.7 |       4 |      24 |  14.3 |   852
          D:11 |     301 |    2190 |  12.1 |       5 |      12 |  29.4 |   561
          D:12 |     196 |    4971 |   3.8 |       1 |      29 |   3.3 |   755
          D:13 |       0 |    2664 |   0.0 |       0 |       9 |   0.0 |   169
        Lair:1 |    1196 |    5010 |  19.3 |       3 |      20 |  13.0 |  1214
        Lair:2 |     382 |    3879 |   9.0 |       2 |      16 |  11.1 |  1048
        Lair:3 |    1889 |    1175 |  61.7 |       7 |       8 |  46.7 |  1091
        Lair:4 |     617 |    9054 |   6.4 |       5 |      36 |  12.2 |  2143
        Lair:5 |    3235 |    9372 |  25.7 |       8 |      33 |  19.5 |  2425
        Lair:6 |    6583 |   28660 |  18.7 |      23 |     119 |  16.2 |  3728
               +---------+---------+-------+---------+---------+-------+---------
